Map: Ever Dream LE

Players

MaxPax - Winner!

  • Race: Protoss Protoss
  • League: Master
  • Spawn Location: 7:00

BlyOnFire (Bly)

  • Race: Zerg Zerg
  • Spawn Location: 1:00

Event: DreamHack SC2 Masters 2020 Fall

VOD

Have the link to the VOD?

Description

Time

  • Played on: Sept. 1, 2020, 1:56 p.m.
  • Length: 5:30

All games in this series

Show
View Real Time Build Order
Export as new Build Order

MaxPax Protoss - Winner!

Build Orders:  

Get SALT Encoding   

  12  0:00  Probe  
  13  0:12  Probe  
  14  0:18  Pylon  
  14  0:24  Probe  
  15  0:36  Probe  
  15  0:38  Forge  
  16  1:02  Pylon  
  16  1:03  Pylon  
  16  1:05  Pylon  
  16  1:20  Photon Cannon  
  16  1:22  Gateway  
  16  1:23  Pylon  
  16  1:27  Pylon  
  16  1:30  Probe  
  17  1:42  Probe  
  17  1:54  Probe  
  17  1:57  Photon Cannon  
  17  2:00  Assimilator  
  18  2:04  Pylon  
  18  2:06  Probe  
  18  2:08  Zealot (Chrono Boost)  
  21  2:19  Cybernetics Core  
  21  2:23  Photon Cannon  
  21  2:27  Zealot (Chrono Boost), Probe  
  24  2:48  Photon Cannon  
  24  2:53  Probe  
  24  2:54  Stalker (Chrono Boost)  
  25  2:59  Shield Battery  
  25  3:05  Shield Battery  
  25  3:14  Gateway  
  25  3:15  Stalker (Chrono Boost)  
  27  3:32  Photon Cannon  
  27  3:36  Stalker  
  29  3:54  Nexus  
  29  4:06  Stalker  
  29  4:23  Pylon  
  26  4:57  Pylon  
  28  5:17  Probe  
  29  5:25  Cybernetics Core  
Show
View Real Time Build Order
Export as new Build Order

BlyOnFire Zerg 

Build Orders: Hatch First 

Get SALT Encoding   

  12  0:00  Drone  
  13  0:13  Overlord  
  13  0:17  Drone  
  14  0:31  Drone x2  
  16  0:50  Hatchery  
  16  0:54  Drone  
  16  0:58  Drone  
  17  1:13  Drone x2  
  19  1:28  Spawning Pool  
  18  1:37  Drone x2  
  20  1:40  Extractor  
  18  2:03  Hatchery  
  18  2:07  Drone x3  
  19  2:15  Queen  
  20  2:21  Zergling x2  
  21  2:31  Zergling x2  
  20  2:55  Zergling x2  
  20  2:56  Zergling x2  
  22  3:03  Roach Warren  
  21  3:08  Overlord  
  21  3:18  Drone  
  22  3:21  Spine Crawler  
  22  3:25  Drone x2  
  22  3:31  Spine Crawler  
  21  3:46  Roach x2  
  25  3:55  Roach  
  27  4:02  Drone x2  
  26  4:21  Roach x3  
  17  5:00  Ravager  
  17  5:01  Ravager  
  17  5:02  Roach  
  17  5:03  Zergling x4  

Tags
 
Add a new tag
Caveats
  • Supply blocks, unpowered buildings, or Contaminate may cause inaccurate times.
  • Supply counts are checked every 10 seconds.